 Dungeon Sprint DCSS version 0.28.0-53-g5a82cb258f (webtiles) character file.

Game seed: 14929870030101478409

13836 Zeld the Severer (level 11, -29/123 HPs)
             Began as a Minotaur Berserker on June 12, 2022.
             Was a High Priest of Trog.
             Killed from afar by a deep elf annihilator (45 damage)
             ... with a poison arrow
             ... in the Dungeon (Sprint I: "Red Sonja").
             The game lasted 00:06:25 (4496 turns).

Zeld the Severer (Minotaur Berserker)               Turns: 4496, Time: 00:06:26

Health: -29/123    AC: 20    Str: 33    XL:     11   Next: 80%
Magic:  10/10      EV: 15    Int:  4    God:    Trog [*****.]
Gold:   1033       SH:  0    Dex: 17    Spells: 10/10 levels left

rFire   . . .      SeeInvis .   a - +2 executioner's axe (flame)
rCold   + . .      Faith    .   (shield currently unavailable)
rNeg    + . .      Spirit   .   m - +1 plate armour of Sepsejo {rC+ rN+}
rPois   .          Reflect  .   (helmet restricted)
rElec   +          Harm     .   (no cloak)
rCorr   .          Rampage  +   (no gloves)
Will    +....      NoTele   +   l - +2 pair of boots of the Fife {Rampage Will+ Str+4 Dex+4}
Stlth   ..........              o - amulet "Yzey" {RegenMP rElec Regen+ Str+4 Dex+2}
HPRegen 1.10/turn               (no ring)
MPRegen 0.52/turn               (no ring)

@: lethally poisoned (-29 -> -37)
A: horns 2, retaliatory headbutt
a: Renounce Religion, Berserk, Trog's Hand, Brothers in Arms


You were in the Dungeon.
You worshipped Trog.
Trog was extremely pleased with you.
You visited 1 branch You collected 3956 gold pieces.
You spent 2923 gold pieces at shops.

Inventory:

Hand Weapons
 a - a +2 executioner's axe of flaming (weapon)
Armour
 b - a +0 troll leather armour
 l - the +2 pair of boots of the Fife (worn) {Rampage Will+ Str+4 Dex+4}
   (You bought it in a shop in the Dungeon)

   Str:       It affects your strength (+4).
   Dex:       It affects your dexterity (+4).
   Rampage:   It bestows one free step when moving towards enemies.
   Will:      It increases your willpower.
 m - the +1 plate armour of Sepsejo (worn) {rC+ rN+}
   (You bought it in a shop in the Dungeon)

   rC:        It protects you from cold.
   rN:        It protects you from negative energy.
Jewellery
 o - the amulet "Yzey" (around neck) {RegenMP rElec Regen+ Str+4 Dex+2}
   (You bought it in a shop in the Dungeon)

   [amulet of magic regeneration]

   It increases your rate of magic regeneration.
   Str:       It affects your strength (+4).
   Dex:       It affects your dexterity (+2).
   rElec:     It insulates you from electricity.
   Regen:     It increases your rate of health regeneration.
Wands
 h - a wand of digging (4)
 i - a wand of polymorph (13)
Scrolls
 j - 2 scrolls of identify {unknown}
Potions
 c - 8 potions of curing
 d - a potion of heal wounds
 e - 3 potions of haste
 f - 2 potions of magic
 g - a potion of berserk rage
 k - a potion of ambrosia {unknown}


   Skills:
 * Level 19.2 Fighting
 * Level 19.3 Axes
 + Level 14.0 Armour
 + Level 13.0 Dodging
 + Level 10.5 Evocations


You had 10 spell levels left.
You didn't know any spells.
Your spell library was empty.

Dungeon Overview and Level Annotations

Branches:
Dungeon (1/1)

Altars:
Cheibriados
Dithmenos
Elyvilon
Fedhas
Gozag
Hepliaklqana
Kikubaaqudgha
Makhleb
Nemelex Xobeh
Okawaru
Qazlal
Ru
Sif Muna
Trog
Uskayaw
Vehumet
Wu Jian
Xom
Yredelemnul
Zin
The Shining One
Jiyva
Lugonu

Shops:
D *(:*((=*=*=![[([[


Innate Abilities, Weirdness & Mutations

You have a pair of horns on your head.
You reflexively headbutt those who attack you in melee.


Message History

The merfolk siren chants its luring song.
You feel sick.
The merfolk siren chants its luring song.
You see here a hornet corpse.
Unknown command.
You hit the merfolk siren but do no damage.
You headbutt the merfolk siren!
The merfolk siren is moderately wounded.
You feel sick.
The merfolk siren chants its luring song.
Unknown command.
You closely miss the merfolk siren.
The merfolk siren is moderately wounded.
You feel sick.
The deep elf annihilator gestures at you while chanting.
The bolt of lightning hits your troll!! The bolt of lightning hits you!
You resist.
* * * LOW HITPOINT WARNING * * *
The bolt of lightning hits you! You resist.
* * * LOW HITPOINT WARNING * * *
The bolt of lightning hits your troll!!!
Your troll dies!
Your troll's corpse disappears in a puff of smoke!
The merfolk siren chants its luring song.
You chop the merfolk siren into pieces!!!
You burn the merfolk siren.
You break out of your daze!
You kill the merfolk siren!
Trog accepts your kill.
Trog appreciates your killing of a magic user.
You feel sick.
Your troll rages.
Your Armour skill increases to level 14!
Unknown command.
You feel sick.
You are no longer poisoned.
The deep elf annihilator points at you and mumbles some strange words.
The poison arrow hits you!!!
You are poisoned.
You die...

#######################
.§§.'..§§.)'..#..+§§§.#
§####.§.§§##..'..#§§§§##
.# ##.§§#######'#§§.§.#
.# ###§#:.)##..#§.§§.#
## #.##...#.@##..§§# .#
#..###.#.)≈###+## .{..$
##.).#.#†T≈e:# ○#...
#..#.#.#.)≈.## ○# #'
#.##...#..≈## ##
#..#'###..≈# # ##.§§#
≈..## # ###.# ≈..#
#.###..#


You could see a deep elf annihilator (ally target) and a friendly troll
(summoned, berserk).

Vanquished Creatures
  A daeva (D)
  A lorocyproca (D)
  A hydra (D)
  2 centaur warriors (D)
  A deep troll (D)
  A lindwurm (D)
  An oklob plant (D)
  2 merfolk sirens (D)
  4 demonic crawlers (D)
  7 unseen horrors (D)
  2 kobold demonologists (D)
  A hellwing (D)
  5 hornets (D)
  A slime creature (D)
  Sigmund (D)
  A yak (D)
  13 hogs (D)
  2 redbacks (D)
  3 floating eyes (D)
  7 necrophages (D)
  An ogre (D)
  A scorpion (D)
  8 jellies (D)
  Ijyb (D)
68 creatures vanquished.

Vanquished Creatures (others)
  2 ballistomycete spores (D)
2 creatures vanquished.

Grand Total: 70 creatures vanquished

Notes
Turn   | Place    | Note
-------+----------+-------------------------------------------
     0 | D        | Zeld the Minotaur Berserker began the quest for the Orb.
     0 | D        | Reached XP level 1. HP: 19/19 MP: 0/0
     1 | D        | Noticed Ijyb
    15 | D        | Killed Ijyb
    16 | D        | Reached skill level 5 in Fighting
    16 | D        | Reached skill level 5 in Axes
    16 | D        | Reached XP level 2. HP: 27/29 MP: 1/1
   121 | D        | Noticed an ogre
   126 | D        | Killed an ogre
   127 | D        | Reached XP level 3. HP: 39/39 MP: 2/2
   127 | D        | Reached XP level 4. HP: 47/47 MP: 3/3
   286 | D        | Noticed Sigmund
   291 | D        | Killed Sigmund
   291 | D        | Reached ** piety under Trog
   292 | D        | Reached skill level 5 in Dodging
   292 | D        | Reached XP level 5. HP: 55/56 MP: 4/4
   292 | D        | Reached XP level 6. HP: 61/62 MP: 5/5
   415 | D        | Found a burning altar of Makhleb.
   415 | D        | Found a viscous altar of Jiyva.
   415 | D        | Found a shimmering altar of Xom.
   415 | D        | Found a corrupted altar of Lugonu.
   415 | D        | Noticed a slime creature
   423 | D        | Killed a slime creature
   424 | D        | Reached skill level 10 in Fighting
   424 | D        | Reached skill level 10 in Axes
   596 | D        | Noticed a kobold demonologist
   596 | D        | Noticed a floating eye
   596 | D        | Noticed a kobold demonologist
   597 | D        | Paralysed by a floating eye for 3 turns
   601 | D        | Noticed a hellwing
   602 | D        | Noticed an ice devil
   603 | D        | Killed a floating eye
   604 | D        | Reached XP level 7. HP: 73/73 MP: 6/6
   607 | D        | Noticed a smoke demon
   607 | D        | Killed a kobold demonologist
   607 | D        | Reached *** piety under Trog
   608 | D        | Reached skill level 5 in Evocations
   613 | D        | HP: 3/74 [ice devil[a kobold demonologist] (9)]
   615 | D        | Noticed a hellwing
   644 | D        | Noticed a soul eater
   645 | D        | Killed a kobold demonologist
   646 | D        | Reached XP level 8. HP: 49/83 MP: 7/7
  1020 | D        | Found an ornate altar of the Wu Jian Council.
  1020 | D        | Found a shimmering blue altar of Sif Muna.
  1023 | D        | Found a radiant altar of Vehumet.
  1260 | D        | Found Razyrapt's Antique Weapon Emporium.
  1260 | D        | Found an ancient bone altar of Kikubaaqudgha.
  1260 | D        | Found a hazy altar of Hepliaklqana.
  1260 | D        | Found a hide-covered altar of Uskayaw.
  1260 | D        | Found a basalt altar of Yredelemnul.
  1260 | D        | Found an opulent altar of Gozag.
  1260 | D        | Found a snail-covered altar of Cheibriados.
  1260 | D        | Found a sacrificial altar of Ru.
  1260 | D        | Found a shadowy altar of Dithmenos.
  1262 | D        | Found a stormy altar of Qazlal.
  1262 | D        | Found a blossoming altar of Fedhas.
  1262 | D        | Found a bloodstained altar of Trog.
  1262 | D        | Found an iron altar of Okawaru.
  1262 | D        | Found a glowing golden altar of the Shining One.
  1262 | D        | Found a glowing silver altar of Zin.
  1262 | D        | Found a white marble altar of Elyvilon.
  1267 | D        | Found a sparkling altar of Nemelex Xobeh.
  1419 | D        | Noticed Sonja
  1421 | D        | Noticed Sonja
  1421 | D        | Sonja changed into Sonja the scorpion
  1423 | D        | Killed Sonja the scorpion
  1423 | D        | Reached **** piety under Trog
  1559 | D        | Noticed a deep troll
  1569 | D        | Killed a deep troll
  1656 | D        | Found Qimerhut's Armour Emporium.
  1776 | D        | Found Jiur's General Store.
  1784 | D        | Bought a potion of curing for 30 gold pieces
  1784 | D        | Bought a potion of heal wounds for 50 gold pieces
  1784 | D        | Bought a wand of polymorph (3) for 50 gold pieces
  1805 | D        | Bought the +2 pair of boots of the Fife {Rampage Will+
                  | Str+4 Dex+4} for 570 gold pieces
  1866 | D        | Noticed a lindwurm
  1873 | D        | Killed a lindwurm
  1874 | D        | Reached XP level 9. HP: 94/94 MP: 8/8
  2030 | D        | Reached skill level 10 in Armour
  2043 | D        | Reached ***** piety under Trog
  2063 | D        | Reached skill level 15 in Axes
  2063 | D        | Reached skill level 10 in Dodging
  2069 | D        | Reached skill level 15 in Fighting
  2074 | D        | Reached XP level 10. HP: 77/105 MP: 9/9
  2079 | D        | Reached ****** piety under Trog
  2298 | D        | Noticed a daeva
  2843 | D        | Killed a lorocyproca
  2979 | D        | Noticed a centaur warrior
  2981 | D        | Noticed a centaur warrior
  2987 | D        | Killed a centaur warrior
  2993 | D        | Killed a centaur warrior
  2993 | D        | Received a gift from Trog
  3123 | D        | Noticed an oklob plant
  3127 | D        | Killed an oklob plant
  3165 | D        | Reached XP level 11. HP: 115/117 MP: 10/10
  3333 | D        | Received a gift from Trog
  3343 | D        | Received a gift from Trog
  3360 | D        | Received a gift from Trog
  3675 | D        | Found Axuqoyh's Assorted Antiques.
  3675 | D        | Found Olautune's Book Shop.
  3675 | D        | Found Humioh's Weapon Boutique.
  3677 | D        | Found Leot's Weapon Emporium.
  3677 | D        | Found Soxkufri's Jewellery Shop.
  3677 | D        | Found Pikkuloci's Assorted Antiques.
  3677 | D        | Found Ivifis's Jewellery Boutique.
  3677 | D        | Found Xyderup's General Store.
  3677 | D        | Found Icejush's Jewellery Shop.
  3677 | D        | Found Joj Naru's Distillery.
  3681 | D        | Found Taroc's Armour Boutique.
  3682 | D        | Found Qol Rig's Weapon Emporium.
  3682 | D        | Found Casuipp's Antique Armour Boutique.
  3683 | D        | Found Seta's Armour Emporium.
  3686 | D        | Bought a scroll of acquirement for 572 gold pieces
  3697 | D        | Acquired 1294 gold pieces
  3710 | D        | Bought a translucent plate armour for 588 gold pieces
  3710 | D        | Identified the +1 plate armour of Sepsejo {rC+ rN+} (You
                  | bought it in a shop in the Dungeon)
  3713 | D        | Bought a tubular garnet ring for 130 gold pieces
  3713 | D        | Bought a potion of curing for 78 gold pieces
  3716 | D        | Bought a potion of curing for 63 gold pieces
  3719 | D        | Bought the amulet "Yzey" {RegenMP rElec Regen+ Str+4 Dex+2}
                  | for 792 gold pieces
  3908 | D        | Killed a daeva
  3920 | D        | Reached skill level 10 in Evocations
  4107 | D        | Noticed a 12-headed hydra
  4111 | D        | Killed a nine-headed hydra
  4111 | D        | Received a gift from Trog
  4466 | D        | Noticed a deep elf annihilator
  4475 | D        | Received a gift from Trog
  4496 | D        | Killed from afar by a deep elf annihilator

Illustrated notes

Levels and vault maps discovered:
D:        dungeon_sprint_1 [red_sonja_temple_1, red_sonja_temple_small_1]

Skill      XL: |  1  2  3  4  5  6  7  8  9 10 11 |
---------------+----------------------------------+-----
Fighting       | 5 7 8 10 11 13 15 17 19 | 19.2
Axes           | 5 7 8 10 12 13 15 17 19 | 19.3
Armour         | 3 4 6 7 8 9 11 12 14 | 14.0
Dodging        | 3 4 5 6 7 9 10 11 13 | 13.0
Evocations     | 2 3 4 5 6 7 9 10 | 10.5

Action                   |  1- 3 |  4- 6 |  7- 9 | 10-12 || total
-------------------------+-------+-------+-------+-------++-------
Melee: Hand axe          |    16 |    12 |    85 |    47 ||   160
       Headbutt          |     1 |     3 |    25 |    22 ||    51
       Battleaxe         |       |       |       |    44 ||    44
       Executioner's axe |       |       |       |    30 ||    30
Invok: Berserk           |     2 |     2 |     4 |     5 ||    13
       Trog's Hand       |       |       |     1 |       ||     1
       Brothers in Arms  |       |       |       |     3 ||     3
Evoke: Wand              |       |       |     3 |     1 ||     4
  Use: Scroll            |       |       |     1 |     1 ||     2
       Potion            |       |       |       |     1 ||     1
 Stab: Sleeping          |       |       |       |     1 ||     1
Armor: Animal skin       |     1 |       |     3 |       ||     4
       Troll leather arm |       |       |     4 |    23 ||    27
       Plate armour      |       |       |       |    90 ||    90
Dodge: Dodged            |     3 |       |    45 |   107 ||   155
